 Dungeon Crawl Stone Soup version 0.31-a0-188-g5e087ee2ca (webtiles) character file.

Game seed: 11531532229325985599

4 qw the Shooter (level 1, 0/12 HPs)
             Began as a Deep Elf Hunter on June 23, 2023.
             Slain by a jackal (2 damage)
             ... on level 1 of the Dungeon.
             The game lasted 00:00:01 (47 turns).

qw the Shooter (Deep Elf Hunter)                      Turns: 47, Time: 00:00:02

Health: 0/12       AC:  3    Str:  8    XL:     1   Next: 58%
Magic:  3/3        EV: 12    Int: 13    God:
Gold:   6          SH:  0    Dex: 18    Spells: 0/0 levels left

rFire   . . .        a - +0 shortbow
rCold   . . .        (shield currently unavailable)
rNeg    . . .        c - +0 leather armour
rPois   .            (no helmet)
rElec   .            (no cloak)
rCorr   .            (no gloves)
SInv    .            (no boots)
Will    .....        (no amulet)
Stlth   ++           (no ring)
HPRegen 0.22/turn    (no ring)
MPRegen 0.08/turn

%: no passive effects
@: no status effects
A: no striking features
a: no special abilities


You were on level 1 of the Dungeon.
You visited 1 branch of the dungeon, and saw 1 of its levels.

You collected 6 gold pieces.


   Skills:
 - Level 1.5 Fighting
 + Level 5.7 Ranged Weapons
 - Level 2.4 Dodging
 - Level 1.2 Stealth


You couldn't memorise any spells.
You didn't know any spells.
Your spell library was empty.

Inventory:

Hand Weapons
 a - a +0 shortbow (weapon)
Armour
 c - a +0 leather armour (worn)
Scrolls
 b - a scroll of butterflies

Dungeon Overview and Level Annotations

Branches:
Dungeon (1/15)

Altars:

Shops:
D:1 [


Message History

A jackal comes into view.
You shoot an arrow.
The arrow hits the jackal but does no damage.
The jackal is lightly wounded.
You shoot an arrow. The arrow closely misses the jackal. x2
The arrow hits the jackal.
You kill the jackal!
The jackal misses you.
A rat comes into view.
You shoot an arrow. The arrow hits the jackal.
You kill the jackal!
The jackal barely misses you.
You shoot an arrow. The arrow hits the jackal.
You kill the jackal!
The jackal bites you. x2
You shoot an arrow. The arrow hits the jackal.
The jackal is moderately wounded.
The jackal closely misses you.
You shoot an arrow. The arrow closely misses the jackal.
The arrow hits the rat.
The rat is severely wounded.
The jackal bites you.
The jackal bites you but does no damage.
You shoot an arrow. The arrow barely misses the jackal.
The arrow completely misses the rat.
The jackal bites you but does no damage.
The jackal barely misses you.
You shoot an arrow. The arrow barely misses the jackal.
The jackal bites you but does no damage.
You shoot an arrow. The arrow closely misses the rat.
The jackal misses you. The rat barely misses you. The jackal bites you.
You shoot an arrow. The arrow closely misses the rat.
The jackal bites you. The rat bites you but does no damage.
The jackal bites you. The rat bites you.
You shoot an arrow. The arrow hits the rat!
You kill the rat!
The jackal bites you.
You shoot an arrow. The arrow hits the jackal.
The jackal is severely wounded.
The jackal bites you.
You die...

.....#.#..#
.PPPP#....#
.P.PP#....#
7..P#....#
.7P7#.<..#
..7P#....##
.P..7#.....#
P7..P#...#.####
P...#.#.#..@%#
.P..P#.#.####h.#
.PP.7#...# #..#
.PP. #...# #.#
#... .%. ##..
... ... ...


You could see a jackal.

Vanquished Creatures
  3 jackals (D:1)
  A rat (D:1)
4 creatures vanquished.

Notes
Turn   | Place    | Note
-------+----------+-------------------------------------------
     0 | D:1      | qw the Deep Elf Hunter began the quest for the Orb.
     0 | D:1      | Reached XP level 1. HP: 12/12 MP: 3/3
     0 | D:1      | 0 ||| qw: Version: 0.3-a-9-g12657ce
     0 | D:1      | 0 ||| qw: Game counter: 3709
     0 | D:1      | 0 ||| qw: Always use a shield: true
     0 | D:1      | 0 ||| qw: God list: Okawaru
     0 | D:1      | 0 ||| qw: Allow faded altars: false
     0 | D:1      | 0 ||| qw: Do Orc after D:15 true
     0 | D:1      | 0 ||| qw: Do second Lair branch before Depths: true
     0 | D:1      | 0 ||| qw: Lair rune preference: random
     0 | D:1      | 0 ||| qw: Plans: Normal
     0 | D:1      | 0 ||| PLANNING D:1-11
     8 | D:1      | Found Sudo's Armour Boutique.
    15 | D:1      | 15 ||| SHOPLISTING +0 pair of gloves (49 gold, have 6).
    15 | D:1      | 15 ||| SHOPLISTING +0 ring mail (44 gold, have 6).
    15 | D:1      | 15 ||| SHOPLISTING +1 pair of boots of the Hippo {Regen+}
                  | (181 gold, have 6).
    15 | D:1      | 15 ||| SHOPLISTING -2 hat of the Alchemist {rElec rPois rF+
                  | rC+ rN+ Will+ rMut rCorr} (519 gold, have 6).
    45 | D:1      | HP: 3/12 [rat (2)]
    46 | D:1      | HP: 1/12 [jackal (2)]
    47 | D:1      | Slain by a jackal

Levels and vault maps discovered:
D:1:      minmay_arrival_arboretum_small, layout_basic, serial_shops,
          nicolae_shop_tiny_glass

Action                     || total
---------------------------++-------
   Fire: Shortbow          ||    14
 Armour: Leather armour    ||     4
  Dodge: Dodged            ||     6

Table legend:
 A = Non-vault XP
 B = Vault XP
 C = Vault XP percentage of total XP
 D = Non-vault monster count
 E = Vault monster count
 F = Vault count percentage of total count
                 A         B        C        D         E       F
            +---------+---------+-------+---------+---------+-------
      Total |       7 |       0 |   0.0 |       4 |       0 |   0.0
            +---------+---------+-------+---------+---------+-------
        D:1 |       7 |       0 |   0.0 |       4 |       0 |   0.0
            +---------+---------+-------+---------+---------+-------
